 Dungeon Crawl Stone Soup version 0.18.1-50-g88ac8fd (webtiles) character file.

29 magog001 the Insei (level 2, 0/34 HPs)
             Began as a Demigod Transmuter on June 24, 2018.
             Succumbed to an adder's poison
             ... on level 2 of the Dungeon.
             The game lasted 00:06:20 (1637 turns).

magog001 the Insei (Demigod Transmuter)             Turns: 1637, Time: 00:06:21

Health: 0/34       AC:  2    Str: 18    XL:     2   Next: 81%
Magic:  7/7        EV: 13    Int: 17    God:
Gold:   71         SH:  0    Dex: 16    Spells: 1 memorised, 3 levels left

rFire  . . .     SeeInvis .       - Unarmed
rCold  . . .     Gourm    .     b - +0 robe
rNeg   . . .     Faith    .     (no shield)
rPois  .         Spirit   .     (no helmet)
rElec  .         Dismiss  .     (no cloak)
rCorr  .         Reflect  .     (no gloves)
SustAt +         Harm     .     (no boots)
MR     .....                    (no amulet)
Stlth  ..........               (no ring)
                                g - ring of flight

@: berserking, lethally poisoned (0 -> -11), appendage (expiring), very quick,
not resistant to hostile enchantments, extremely unstealthy
A: horns 2, high mp 1, sustain attributes
a: End Transformation, Evoke Flight


You were on level 2 of the Dungeon.
You were not hungry.
You had grown temporary horns.
You visited 1 branch of the dungeon, and saw 2 of its levels.

You collected 71 gold pieces.

Inventory:

Missiles
 a - 29 arrows
Armour
 b - a +0 robe (worn)
Jewellery
 g - a ring of flight (left hand)
Scrolls
 e - a scroll of magic mapping {unknown}
 k - a scroll of random uselessness {unknown}
Potions
 f - a potion of haste {unknown}
 j - a potion of berserk rage
 l - a potion of flight {unknown}
Books
 c - a book of Changes

   Spells                             Type                      Level
   a - Beastly Appendage              Transmutation                1
   b - Sticks to Snakes               Transmutation                2
   c - Spider Form                    Transmutation/Poison         3
   d - Ice Form                       Ice/Transmutation            4
   e - Blade Hands                    Transmutation                5
Comestibles
 d - 6 chunks of flesh
 h - 2 meat rations
 i - a royal jelly


   Skills:
 * Level 1.2 Fighting
 - Level 2.1 Dodging
 * Level 3.3 Unarmed Combat
 + Level 1.9 Spellcasting
 + Level 1.7 Transmutations


You had 3 spell levels left.
You knew the following spells:

 Your Spells              Type           Power        Failure   Level  Hunger
a - Beastly Appendage     Trmt           #.....       12%         1    #......


Dungeon Overview and Level Annotations

Branches:
Dungeon (2/15)


Innate Abilities, Weirdness & Mutations

You have an increased reservoir of magic (+10% MP).
Your attributes are resistant to harm.
You have a pair of horns on your head.


Message History

* * * LOW HITPOINT WARNING * * *
You are more poisoned.
The adder poisons you!
Drink which item? (? for menu, Esc to quit)
It was a potion of berserk rage.
A red film seems to cover your vision as you go berserk!
You feel yourself moving faster!
You feel mighty!
Your transformation is almost over.
* * * LOW HITPOINT WARNING * * *
You feel sick. The adder closely misses you.
You barely miss the adder. Your headbutt misses the adder.
The adder is severely wounded.
* * * LOW HITPOINT WARNING * * *
You feel sick. The adder closely misses you.
You closely miss the adder.
The adder is severely wounded.
The adder bites you but does no damage.
You closely miss the adder.
The adder is severely wounded.
You die...

..## ##.......## .##
##.....## .# ##...##
### .##########'##
#.+ ........# #.# #.#
.###.##.# #.# #.# .#
#.##.###.#######.#
.###................#
....)##.#.....##@####
.###.# ##...###S# .#
#.# ##.## .#.
.###.##. #.# .# #.
........ #.### ##
######## #.# #.# #.#
#.#


You could see an adder.

Vanquished Creatures
  3 dart slugs (D:1)
  A giant gecko (D:1)
  A giant cockroach (D:1)
  2 goblins
  3 hobgoblins
  4 jackals (D:1)
  A giant newt (D:1)
  3 kobolds
  2 rats
20 creatures vanquished.

Notes
Turn   | Place    | Note
--------------------------------------------------------------
     0 | D:1      | magog001 the Demigod Transmuter began the quest for the Orb.
     0 | D:1      | Reached XP level 1. HP: 15/15 MP: 5/5
    72 | D:1      | Reached skill level 3 in Unarmed Combat
   180 | D:1      | Reached skill level 1 in Fighting
   180 | D:1      | Reached XP level 2. HP: 19/23 MP: 7/7
  1392 | D:2      | Found a white marble altar of Elyvilon.
  1459 | D:2      | Found an oddly glowing altar of Pakellas.
  1635 | D:2      | HP: 1/34 [poisoned by an adder]
  1637 | D:2      | Succumbed to an adder's poison

Skill      XL: |  1  2 |
---------------+-------+-----
Unarmed Combat | 3 |  3.3
Fighting       | 1 |  1.2
Dodging        | 2 |  2.1
Spellcasting   | |  1.9
Transmutations | |  1.7

Action                   || total
-------------------------++-------
Melee: Unarmed           ||    76
       Kick              ||     2
       Headbutt          ||     2
       Punch             ||     2
 Cast: Beastly Appendage ||     4
  Use: Potion            ||     1
  Eat: Bread ration      ||     1
Armor: Robe              ||    10
Dodge: Dodged            ||    50
